 Dungeon Crawl Stone Soup version 0.31-a0-692-gf03d1854d5 (webtiles) character file.

Game seed: 16444953848471735575

35 qw the Shooter (level 3, 0/22 HPs)
             Began as a Gargoyle Hunter on Sept 6, 2023.
             Slain by Sigmund
             ... wielding a +0 scythe
              (7 damage)
             ... on level 2 of the Dungeon.
             The game lasted 00:00:28 (1210 turns).

qw the Shooter (Gargoyle Hunter)                    Turns: 1210, Time: 00:00:29

Health: 0/22       AC:  7    Str: 12 (14) XL:     3   Next: 33%
Magic:  3/3        EV: 11    Int:  6 (7)  God:
Gold:   44         SH:  0    Dex: 14 (15) Spells: 2/2 levels left

rFire   . . .        Y - +0 shortbow
rCold   . . .        (shield currently unavailable)
rNeg    + . .        h - +1 leather armour {rPois}
rPois   inf          (no helmet)
rElec   +            (no cloak)
rCorr   .            (no gloves)
SInv    .            (no boots)
Will    .....        e - amulet of regeneration
Stlth   +            (no ring)
HPRegen 1.03/turn    (no ring)
MPRegen 0.08/turn

%: no passive effects
@: no status effects
A: sickness immunity, AC +3, negative energy resistance 1, electricity
resistance, torment resistance 1, petrification resistance, dopey 1
a: no special abilities


You were on level 2 of the Dungeon.
You visited 1 branch of the dungeon, and saw 2 of its levels.

You collected 44 gold pieces.


Innate Abilities, Weirdness & Mutations

You are immune to sickness and miasma.
Your stone body is resilient. (AC +3)
You are immune to poison.
You resist negative energy. (rN+)
You are resistant to electric shocks. (rElec)
You are resistant to unholy torment.
You are immune to petrification.
You are dopey. (Int -2)


   Skills:
 + Level 2.4 Fighting
 - Level 5.0 Ranged Weapons
 - Level 1.5 Dodging
 - Level 1.1 Stealth


You had 2 spell levels left.
You didn't know any spells.
Your spell library was empty.

Inventory:

Hand Weapons
 Y - a +0 shortbow (weapon)
Armour
 h - a +1 leather armour of poison resistance (worn)
Jewellery
 e - an amulet of regeneration (around neck)
Potions
 f - a potion of mutation

Dungeon Overview and Level Annotations

Branches:
Dungeon (2/15)

Altars:

Annotations:
D:2 Sigmund


Message History

You start resting.
HP restored.
Done exploring.
1201 ||| DROPPING amulet of guardian spirit.
You drop an amulet of guardian spirit.
Done exploring.
1202 ||| READING scroll labelled ZEODOO HOTER.
As you read the scroll labelled ZEODOO HOTER, it crumbles to dust.
You hear a loud clanging noise!
It was a scroll of noise.
Done exploring.
1203 ||| READING scroll labelled ZAPAGHIHEA.
As you read the scroll labelled ZAPAGHIHEA, it crumbles to dust.
The air around you briefly surges with heat, but it dissipates.
It was a scroll of immolation.
Done exploring.
What level of the Dungeon? (default 2, ? - help)
You climb downwards.
Level annotation: Sigmund The goblin hits you but does no damage.
There is a stone staircase leading up here.
You shoot an arrow. The arrow barely misses the goblin.
The goblin hits you but does no damage. Something hits you!
Deactivating autopickup; reactivate with Ctrl-A.
Autopickup is now on.
You shoot an arrow. The arrow hits the goblin.
The goblin is severely wounded.
The goblin hits you with a +0 club. Something hits you but does no damage.
Deactivating autopickup; reactivate with Ctrl-A.
Autopickup is now on.
You shoot an arrow. The arrow barely misses the goblin.
The goblin closely misses you.
You shoot an arrow. The arrow hits the goblin.
You kill the goblin!
Something hits you!
Deactivating autopickup; reactivate with Ctrl-A.
Autopickup is now on.
1210 ||| STAIRDANCE Something hits you!
You die...

...7P7..##............####
.7777PP%%..#.#.....[###
.P._7PP......#.%....###
..P...................
.7.7PP...#####..###.###
P.PP....## ##........#
.......## #.........#
..####.######.#.>.....##.
................@).......
#######.###.##.###...#...
#.###.##.###.......
#..##.#.....g....#.
######.##.#..## ..##..#
#...........## ### .#
#.........#.##.# #
.##..............#
...............###


There were no monsters in sight!

Vanquished Creatures
  2 worms (D:2)
  2 endoplasms (D:1)
  A giant cockroach (D:2)
  2 goblins (D:2)
  4 hobgoblins
  3 jackals (D:1)
  3 quokkas
  3 ball pythons
  A bat (D:2)
  A frilled lizard (D:1)
  2 kobolds (D:1)
  2 rats (D:1)
26 creatures vanquished.

Notes
Turn   | Place    | Note
-------+----------+-------------------------------------------
     0 | D:1      | qw the Gargoyle Hunter began the quest for the Orb.
     0 | D:1      | Reached XP level 1. HP: 12/12 MP: 1/1
     0 | D:1      | 0 ||| qw: Version: 0.3-a-76-g4403597
     0 | D:1      | 0 ||| qw: Game counter: 214
     0 | D:1      | 0 ||| qw: Melee chars always use a shield: true
     0 | D:1      | 0 ||| qw: God list: Okawaru
     0 | D:1      | 0 ||| qw: Allow faded altars: false
     0 | D:1      | 0 ||| qw: Do Orc after clearing Dungeon:15 true
     0 | D:1      | 0 ||| qw: Do second Lair branch before Depths: true
     0 | D:1      | 0 ||| qw: Lair rune preference: random
     0 | D:1      | 0 ||| qw: Goals: Normal
     0 | D:1      | 0 ||| PLANNING D:1-11
   181 | D:1      | Reached XP level 2. HP: 17/17 MP: 2/2
   965 | D:1      | 965 ||| UPGRADING to +1 leather armour of poison
                  | resistance.
   975 | D:1      | 975 ||| DROPPING +0 leather armour.
   976 | D:1      | 976 ||| UPGRADING to amulet of regeneration.
   981 | D:1      | 981 ||| READING 2 scrolls labelled VYTHEG GIH.
   982 | D:1      | 982 ||| DRINKING 2 ruby potions.
   982 | D:1      | Gained mutation: You are dopey. (Int -2) [potion of
                  | mutation]
   983 | D:1      | 983 ||| DRINKING 2 inky potions.
   984 | D:1      | 984 ||| DROPPING scroll of blinking.
   985 | D:1      | 985 ||| DROPPING scroll of butterflies.
   986 | D:1      | 986 ||| DROPPING potion of degeneration.
  1089 | D:2      | Reached XP level 3. HP: 21/21 MP: 3/3
  1118 | D:2      | Reached skill level 5 in Ranged Weapons
  1127 | D:2      | Found a faded altar of an unknown god.
  1184 | D:2      | Noticed Sigmund
  1194 | D:2      | 1194 ||| FLEEEEING.
  1195 | D:2      | 1195 ||| STAIRDANCE
  1201 | D:1      | 1201 ||| DROPPING amulet of guardian spirit.
  1202 | D:1      | 1202 ||| READING scroll labelled ZEODOO HOTER.
  1203 | D:1      | 1203 ||| READING scroll labelled ZAPAGHIHEA.
  1210 | D:2      | 1210 ||| STAIRDANCE
  1210 | D:2      | Slain by Sigmund

Levels and vault maps discovered:
D:1:      denvon_arrival_waterhouse, layout_basic
D:2:      layout_rooms, dreamdust_ecumenical_altar_grove,
          minmay_misc_feat_enclosed, uniq_crazy_yiuf_cottage, uniq_sigmund

Skill      XL: |  1  2  3 |
---------------+----------+-----
Ranged Weapons | 5 |  5.0
Fighting       | |  2.4
Dodging        | |  1.5
Stealth        | |  1.1

Action                     || total
---------------------------++-------
   Fire: Shortbow          ||   114
    Use: Potion            ||     2
         Scroll            ||     3
 Armour: Leather armour    ||    45
  Dodge: Dodged            ||    35

Table legend:
 A = Non-vault XP
 B = Vault XP
 C = Vault XP percentage of total XP
 D = Non-vault monster count
 E = Vault monster count
 F = Vault count percentage of total count
                 A         B        C        D         E       F
            +---------+---------+-------+---------+---------+-------
      Total |      50 |       0 |   0.0 |      26 |       0 |   0.0
            +---------+---------+-------+---------+---------+-------
        D:1 |      27 |       0 |   0.0 |      17 |       0 |   0.0
        D:2 |      23 |       0 |   0.0 |       9 |       0 |   0.0
            +---------+---------+-------+---------+---------+-------
